[Event "83rd ESP-ch Women-ch 2018"]
[Site "Linares"]
[Date "2018.08.22"]
[Round "3"]
[White "Ortin Blanco, Ainhoa"]
[Black "Esquivias Quintero, Luis Manuel"]
[Result "0-1"]
[WhiteElo "1951"]
[BlackElo "2260"]
[ECO "A40"]
[Opening "Queen's pawn"]
[Variation "Keres defence"]
[TimeControl "40/5400+30:1800+30"]
[Annotator "NA"]
[EventDate "2018.08.09"]
[PlyCount "72"]
[EventType "tourn"]
[EventCountry "ESP"]

1. d4 e6 2. c4 b6 3. e4 Bb7 4. Bd3 Nc6 5. Ne2 Nb4 6. Nbc3 Nxd3+ 7. Qxd3 d6
8. O-O g6 9. d5 Bg7 10. f4 Ne7 11. Nd4 exd5 12. cxd5 O-O 13. Be3 c5 $146
14. dxc6 Nxc6 15. Rad1 Nb4 16. Qc4 a5 17. Qb3 Ba6 18. Rf3 Rc8 19. Rd2 Bc4
20. Qa4 Nd3 21. Qd1 Nc5 22. Rg3 Qe7 23. b3 Ba6 24. Nd5 Qb7 25. Nf5 gxf5 26.
Bd4 f6 $1 27. Bxf6 Rf7 28. e5 Ne4 29. exd6 Nxf6 30. Nxf6+ Rxf6 31. d7 Rd8
32. Qa1 Rf7 33. Qe5 Qe4 $19 34. Qa1 Rdxd7 35. Qd1 Rxd2 36. Qxd2 Qb1+ 0-1

[Event "83rd ESP-ch Women-ch 2018"]
[Site "Linares"]
[Date "2018.08.22"]
[Round "3"]
[White "De la Pena Garcia, Blanca"]
[Black "Cuevas Fernandez, Jose Alberto"]
[Result "0-1"]
[WhiteElo "1811"]
[BlackElo "2147"]
[ECO "B32"]
[Opening "Sicilian"]
[Variation "Labourdonnais-Loewenthal variation"]
[TimeControl "40/5400+30:1800+30"]
[Annotator "NA"]
[EventDate "2018.08.09"]
[PlyCount "92"]
[EventType "tourn"]
[EventCountry "ESP"]

1. e4 c5 2. Nf3 Nc6 3. d4 cxd4 4. Nxd4 e5 5. Nb5 Nf6 6. N1c3 a6 7. Nd6+
Bxd6 8. Qxd6 Qe7 9. Qd1 h6 10. Bc4 O-O 11. O-O d6 12. h3 Be6 13. Bd5 Rac8
14. a3 Nd4 15. Bxe6 fxe6 16. f4 Nc6 17. fxe5 Nxe5 18. Bf4 Nf7 19. Qe2 Qc7
20. Kh1 Qb6 21. Rab1 Qc5 22. Rbd1 Ne5 23. Be3 Qc6 24. Bf4 Rfd8 25. Bxe5
dxe5 26. Rd3 Rd4 27. Qf2 Qd7 28. Qg3 Qe7 29. Qxe5 Rxd3 30. cxd3 Rc5 31.
Qb8+ Kh7 32. d4 Rg5 33. Rf3 Nh5 34. Rf8 e5 35. d5 Nf6 36. Rc8 Qf7 37. Rh8+
Kg6 38. Qf8 Qc7 39. Qb4 a5 40. Qa4 Qc5 41. Rb8 Qf2 42. g4 Qf1+ 43. Kh2 Qf2+
44. Kh1 h5 45. Rh8 Qf1+ 46. Kh2 hxg4 0-1

[Event "83rd ESP-ch Women-ch 2018"]
[Site "Linares"]
[Date "2018.08.22"]
[Round "3"]
[White "Argibay Fontan, Santiago"]
[Black "Kolotilina, Liudmila"]
[Result "0-1"]
[WhiteElo "1788"]
[BlackElo "2216"]
[ECO "D31"]
[Opening "QGD"]
[Variation "semi-Slav, Noteboom variation"]
[TimeControl "40/5400+30:1800+30"]
[Annotator "NA"]
[EventDate "2018.08.09"]
[PlyCount "71"]
[EventType "tourn"]
[EventCountry "ESP"]

1. d4 d5 2. c4 e6 3. Nc3 c6 4. Nf3 dxc4 5. e4 b5 6. a3 Nf6 7. Bg5 Be7 8.
Qc2 h6 9. Bxf6 Bxf6 10. d5 exd5 11. exd5 cxd5 12. Nxb5 Qa5+ 13. Nc3 O-O 14.
O-O-O Be6 15. Nd4 Bxd4 16. Rxd4 Nc6 17. Rh4 Rab8 18. g4 d4 19. Rh5 Qc7 20.
Nd5 Bxd5 21. Rxd5 Qf4+ 22. Kb1 Qf3 23. Bxc4 Qxh1+ 24. Ka2 d3 25. Qxd3 Qc1
26. Bb3 Rbd8 27. Qe4 Rxd5 28. Bxd5 Nd8 29. f4 Qc7 30. h4 Ne6 31. f5 Nf4 32.
Bb3 Rb8 33. g5 Qb7 34. Qe3 Ne2 35. gxh6 Qxb3+ 36. Kb1 0-1

[Event "83rd ESP-ch Women-ch 2018"]
[Site "Linares"]
[Date "2018.08.23"]
[Round "4"]
[White "Orantes Taboada, Francisco"]
[Black "Suarez Uriel, Adrian"]
[Result "0-1"]
[WhiteElo "2242"]
[BlackElo "2391"]
[ECO "C41"]
[Opening "Philidor"]
[Variation "Improved Hanham variation"]
[TimeControl "40/5400+30:1800+30"]
[Annotator "NA RC"]
[EventDate "2018.08.09"]
[PlyCount "82"]
[EventType "tourn"]
[EventCountry "ESP"]

1. e4 d6 2. d4 Nf6 3. Nc3 e5 4. Nf3 Nbd7 5. dxe5 dxe5 6. Bc4 Bc5 7. O-O O-O
8. a4 c6 9. Bg5 h6 10. Bd2 a5 11. Qe2 Re8 $146 12. Rad1 Qb6 13. Nh4 Nf8 14.
Nf5 Be6 15. Bxe6 Nxe6 16. Qf3 Nd4 17. Nxh6+ gxh6 18. Qxf6 Re6 19. Qh4 Qxb2
20. Kh1 Qxc2 21. f4 exf4 22. Rxf4 Rg6 23. Rg4 Qb3 24. Rf1 Qe6 25. Rxg6+
fxg6 26. Bxh6 Be7 27. Bg5 Rf8 28. Rxf8+ Bxf8 29. Bf6 Nc2 30. e5 Bg7 31. Ne4
Qc4 32. h3 Ne3 33. Qf2 Qxe4 34. Bxg7 Qxg2+ 35. Qxg2 Nxg2 36. Bf6 Ne3 37. e6
b5 38. Kh2 bxa4 39. Kg3 a3 40. Kh4 Nd5 $19 41. Ba1 Nf4 0-1

[Event "83rd ESP-ch Women-ch 2018"]
[Site "Linares"]
[Date "2018.08.23"]
[Round "4"]
[White "Arroyo Rodriguez, Jesus"]
[Black "Burgos Olmos, Mario"]
[Result "1-0"]
[WhiteElo "2099"]
[BlackElo "1916"]
[ECO "B90"]
[Opening "Sicilian"]
[Variation "Najdorf, Byrne (English) attack"]
[TimeControl "40/5400+30:1800+30"]
[Annotator "NA RC"]
[EventDate "2018.08.09"]
[PlyCount "59"]
[EventType "tourn"]
[EventCountry "ESP"]

1. e4 c5 2. Nf3 d6 3. d4 cxd4 4. Nxd4 Nf6 5. Nc3 a6 6. Be3 e5 7. Nf3 Qc7 8.
a4 Be7 9. a5 Nbd7 10. Nd2 Qc6 11. Bc4 O-O 12. f3 Bd8 13. O-O Nc5 14. b4 Ne6
15. Nd5 Nf4 16. Nxf4 exf4 17. Bxf4 d5 18. exd5 Nxd5 19. Bxd5 Qxd5 20. Ne4
Qc6 21. Bd6 Re8 22. Bc5 Bc7 23. c4 Qh6 24. g3 Bf5 25. Qd5 Be5 26. Rad1 Bh3
27. Rfe1 Qh5 28. Nf2 Re6 29. Nxh3 Qxh3 30. Rxe5 1-0

[Event "83rd ESP-ch Women-ch 2018"]
[Site "Linares"]
[Date "2018.08.23"]
[Round "4"]
[White "Perez Perez, Gabriel"]
[Black "Rodriguez Redondo, Adhara"]
[Result "0-1"]
[WhiteElo "2058"]
[BlackElo "1909"]
[ECO "A14"]
[Opening "English"]
[Variation "Neo-Catalan declined"]
[TimeControl "40/5400+30:1800+30"]
[Annotator "NA RC"]
[EventDate "2018.08.09"]
[PlyCount "120"]
[EventType "tourn"]
[EventCountry "ESP"]

1. c4 e6 2. g3 d5 3. Bg2 Nf6 4. Nf3 Be7 5. O-O O-O 6. b3 Nbd7 7. Bb2 b6 8.
Nc3 Bb7 9. d4 Rc8 10. Rc1 c6 11. Qd3 Rc7 12. Nd2 $146 Qb8 13. e4 dxe4 14.
Ndxe4 Rd8 15. Qe3 Nxe4 16. Nxe4 Qa8 17. Qf4 Rcc8 18. Rfd1 Qb8 19. Qe3 Nf6
20. Ng5 Ng4 21. Qd2 h6 22. Ne4 Nf6 23. Nc3 Rd7 24. Qe2 Rcd8 25. Re1 c5 26.
d5 exd5 27. Bh3 d4 28. Nd5 Nxd5 29. Bxd7 Rxd7 30. cxd5 Bxd5 31. f3 Qb7 32.
Rf1 Rd6 33. Rce1 Re6 34. Qd3 Rf6 35. Bc1 Qd7 36. Bf4 Rg6 37. Rf2 Be6 38.
Kh1 Bf5 39. Qd2 Kh7 40. Rfe2 Bf6 41. Re8 Qc6 42. Kg2 Be6 43. Rb8 Be7 44.
Qd3 Bd6 45. Bxd6 Qxd6 46. Ra8 Qd7 47. Qa6 Bh3+ 48. Kf2 Rf6 49. Ree8 Qf5 50.
f4 Bg4 51. Qf1 Qc2+ 52. Kg1 Qxa2 53. Rh8+ Kg6 54. Rad8 Qxb3 55. Rhe8 Re6
56. Rxe6+ $19 Qxe6 57. Qc1 Qe4 58. Rd6+ Kh7 59. Qd2 Bh3 60. f5 Qb1+ 0-1

[Event "83rd ESP-ch Women-ch 2018"]
[Site "Linares"]
[Date "2018.08.23"]
[Round "4"]
[White "Fernandez Montero, Francisco Manuel"]
[Black "Vazquez Pino, Miguel Angel"]
[Result "0-1"]
[WhiteElo "2046"]
[BlackElo "1909"]
[ECO "C00"]
[Opening "French"]
[Variation "Schlechter variation"]
[TimeControl "40/5400+30:1800+30"]
[Annotator "NA RC"]
[EventDate "2018.08.09"]
[PlyCount "40"]
[EventType "tourn"]
[EventCountry "ESP"]

1. e4 e6 2. d4 d5 3. Bd3 dxe4 4. Bxe4 Nf6 5. Bf3 Bd6 6. Ne2 Nbd7 7. Nbc3 e5
8. O-O h6 9. Ng3 O-O 10. Re1 Re8 11. Be3 c6 12. Qd2 Nf8 13. Bxh6 exd4 14.
Qg5 Ng6 15. Nce4 Nxe4 16. Nxe4 Be7 17. Qh5 gxh6 18. Qxh6 Be6 19. g3 Bd5 20.
Bg4 Bf8 0-1

[Event "83rd ESP-ch Women-ch 2018"]
[Site "Linares"]
[Date "2018.08.23"]
[Round "4"]
[White "Samuel Lares, Jairo"]
[Black "Gonzalez del Campo, Diego"]
[Result "1-0"]
[WhiteElo "2006"]
[BlackElo "1893"]
[ECO "A80"]
[Opening "Dutch"]
[TimeControl "40/5400+30:1800+30"]
[Annotator "NA RC"]
[EventDate "2018.08.09"]
[PlyCount "81"]
[EventType "tourn"]
[EventCountry "ESP"]

1. d4 f5 2. Nc3 Nf6 3. Bg5 d5 4. Bxf6 exf6 5. e3 Be6 6. Bd3 g6 7. h4 h5 8.
Qf3 c6 9. Nge2 Bd6 10. Nf4 Bf7 11. O-O-O Nd7 12. g3 Qe7 13. Rde1 O-O-O 14.
a3 Kb8 15. b4 Ne5 16. Qe2 Nxd3+ 17. Nxd3 Rde8 18. Kd2 g5 19. Rb1 Qc7 20.
Rb3 f4 21. gxf4 gxf4 22. Rhb1 Rhg8 23. b5 b6 24. bxc6 Rg2 25. Nd1 f5 26.
Nc5 fxe3+ 27. Rxe3 Qxc6 28. Rxe8+ Qxe8 29. Qf3 Rg1 30. Nd3 Qe6 31. Rb3 Rg4
32. Ne3 Rxd4 33. Nxf5 Bf4+ 34. Ne3 Qe4 35. Qe2 Qh1 36. c3 Rc4 37. Rb4 Bg6
38. Nxf4 Rxc3 39. Kxc3 Qc1+ 40. Nc2 d4+ 41. Rxd4 1-0

[Event "83rd ESP-ch Women-ch 2018"]
[Site "Linares"]
[Date "2018.08.23"]
[Round "4"]
[White "Serrano Garcia, Luis"]
[Black "Gil Quilez, Sonia"]
[Result "0-1"]
[WhiteElo "1915"]
[BlackElo "2066"]
[ECO "B11"]
[Opening "Caro-Kann"]
[Variation "two knights, 3...Bg4"]
[TimeControl "40/5400+30:1800+30"]
[Annotator "NA RC"]
[EventDate "2018.08.09"]
[PlyCount "96"]
[EventType "tourn"]
[EventCountry "ESP"]

1. e4 c6 2. Nc3 d5 3. Nf3 Bg4 4. d4 dxe4 5. Nxe4 Bxf3 6. Qxf3 Qxd4 7. Be3
Qxb2 8. Bc4 Qb4+ 9. Nd2 e6 10. Rb1 Qe7 11. Ne4 Qc7 12. O-O Nd7 13. Bf4 Qc8
14. Rfe1 Nb6 15. Bb3 Nd5 16. Bxd5 cxd5 17. Nd6+ Bxd6 18. Bxd6 Qc6 19. Qg3
Ne7 20. Qxg7 Rg8 21. Qe5 Kd7 22. Ba3 Rg6 23. Rb3 Nf5 24. Rc3 Qb6 25. Rb3
Qc7 26. Qb2 b6 27. Rc3 Qb7 28. Qb5+ Kd8 29. Qb4 Rg8 30. Rf3 d4 31. Kf1 Rc8
32. c4 Rc7 33. Re5 a5 34. Qb3 Qc6 35. c5 b5 36. Bb2 Rd7 37. g3 Re8 38. Qd3
f6 39. Rexf5 exf5 40. Qxf5 d3 41. Qxf6+ Qxf6 42. Bxf6+ Kc7 43. Bc3 d2 44.
Bxa5+ Kc6 45. Rf6+ Kxc5 46. Rf5+ Kc4 47. Rf4+ Kd3 48. Rf3+ Kc2 0-1

[Event "83rd ESP-ch Women-ch 2018"]
[Site "Linares"]
[Date "2018.08.23"]
[Round "4"]
[White "Amoros Moran, Jose Joaquin"]
[Black "Perez Beltran, Salvador"]
[Result "1/2-1/2"]
[WhiteElo "1908"]
[BlackElo "2018"]
[ECO "B48"]
[Opening "Sicilian"]
[Variation "Taimanov variation"]
[TimeControl "40/5400+30:1800+30"]
[Annotator "NA RC"]
[EventDate "2018.08.09"]
[PlyCount "87"]
[EventType "tourn"]
[EventCountry "ESP"]

1. e4 c5 2. Nf3 e6 3. d4 cxd4 4. Nxd4 Nc6 5. Nc3 Qc7 6. Be3 Nf6 7. f3 Be7
8. Qd2 a6 9. g4 b5 10. O-O-O Nxd4 11. Bxd4 Bb7 12. h4 Rc8 13. Bg2 e5 14.
Bf2 Bb4 15. Be1 d5 16. a3 Bxc3 17. Qxc3 dxe4 18. Qxc7 Rxc7 19. Ba5 Rd7 20.
Rxd7 Kxd7 21. g5 Nd5 22. Bh3+ Ke7 23. fxe4 Nf4 24. Bb4+ Ke8 25. Bg4 h5 26.
gxh6 Rxh6 27. Rd1 Ne6 28. h5 Bxe4 29. Re1 f5 30. Bd1 Nf4 31. Bd2 Rc6 32.
Rg1 Rxc2+ 33. Bxc2 Ne2+ 34. Kd1 Nxg1 35. Bxe4 fxe4 36. h6 gxh6 37. Bxh6 Kd7
38. Kd2 Ke6 39. Ke3 Kd5 40. Bg7 Nf3 41. Bf8 Ne1 42. Kd2 Nd3 43. b3 Kd4 44.
b4 1/2-1/2

[Event "83rd ESP-ch Women-ch 2018"]
[Site "Linares"]
[Date "2018.08.23"]
[Round "4"]
[White "Fernandez Garcia, Francisco Jose"]
[Black "Sosa Suarez, Carla Cristina"]
[Result "1-0"]
[WhiteElo "1835"]
[BlackElo "2006"]
[ECO "A01"]
[Opening "Nimzovich-Larsen attack"]
[Variation "modern variation"]
[TimeControl "40/5400+30:1800+30"]
[Annotator "NA RC"]
[EventDate "2018.08.09"]
[PlyCount "123"]
[EventType "tourn"]
[EventCountry "ESP"]

1. b3 e5 2. Bb2 Nc6 3. e3 g6 4. Nf3 Bg7 5. Bb5 Nge7 6. d4 exd4 7. Nxd4 O-O
8. Nxc6 bxc6 9. Bxg7 Kxg7 10. Qd4+ Kg8 11. Bd3 d5 12. O-O Qd6 13. Nd2 c5
14. Qh4 f5 15. Nf3 Qf6 16. Qf4 c6 17. Rfd1 a5 18. c4 Be6 19. Rac1 Rfc8 20.
Qd6 a4 21. Ng5 Qxg5 22. Qxe6+ Kg7 23. Qd6 axb3 24. axb3 Rcb8 25. cxd5 Rd8
26. Qxc5 Rxd5 27. Qc3+ Qf6 28. Qxf6+ Kxf6 29. Bc4 Rxd1+ 30. Rxd1 Nd5 31. g3
Ke5 32. Kg2 Ra2 33. Bxd5 cxd5 34. Rd4 Rb2 35. Rb4 g5 36. Kf3 Kf6 37. Rb6+
Ke5 38. h4 g4+ 39. Kg2 Rb1 40. b4 Rb3 41. b5 d4 42. exd4+ Kxd4 43. Rb7 h6
44. b6 Kc5 45. Rf7 Kxb6 46. Rxf5 Kc7 47. Rf4 h5 48. Rf5 Kd7 49. Rxh5 Ke6
50. Ra5 Rb4 51. Ra8 Kf7 52. Rc8 Kg7 53. Rd8 Rc4 54. Kf1 Re4 55. Rd3 Ra4 56.
Ke2 Kg6 57. Ke3 Kf5 58. Rd5+ Kf6 59. Rd4 Ra3+ 60. Kf4 Rf3+ 61. Kxg4 Rxf2
62. Rf4+ 1-0

[Event "83rd ESP-ch Women-ch 2018"]
[Site "Linares"]
[Date "2018.08.24"]
[Round "5"]
[White "Suarez Uriel, Adrian"]
[Black "Galiana Fernandez, Adrian"]
[Result "1-0"]
[WhiteElo "2391"]
[BlackElo "2291"]
[ECO "B89"]
[Opening "Sicilian"]
[Variation "Velimirovic attack"]
[TimeControl "40/5400+30:1800+30"]
[Annotator "NA"]
[EventDate "2018.08.09"]
[PlyCount "55"]
[EventType "tourn"]
[EventCountry "ESP"]

1. e4 c5 2. Nf3 d6 3. Nc3 Nc6 4. d4 cxd4 5. Nxd4 Nf6 6. Bc4 e6 7. Be3 Be7
8. Qe2 O-O 9. O-O-O Qc7 10. Kb1 a6 11. Bb3 b5 12. g4 b4 13. Na4 Bb7 14.
Nxe6 fxe6 15. Bxe6+ Kh8 16. g5 Nxe4 17. Bb6 Qb8 18. Qxe4 Ne5 19. Bd5 Bxd5
20. Qxd5 Bxg5 21. Rhg1 Bf4 22. Qg2 Ng6 23. Bd4 Be5 24. Bxe5 dxe5 25. Nc5
Qc7 26. Ne6 Qa7 27. Nxf8 Rxf8 28. Qh3 1-0

[Event "83rd ESP-ch Women-ch 2018"]
[Site "Linares"]
[Date "2018.08.24"]
[Round "5"]
[White "Matnadze, Ana"]
[Black "Garcia Garcia, Adrian Antonio"]
[Result "1/2-1/2"]
[WhiteElo "2378"]
[BlackElo "2179"]
[ECO "A04"]
[Opening "Reti v Dutch"]
[TimeControl "40/5400+30:1800+30"]
[Annotator "NA"]
[EventDate "2018.08.09"]
[PlyCount "75"]
[EventType "tourn"]
[EventCountry "ESP"]

1. Nf3 f5 2. g3 Nf6 3. d4 g6 4. Bg2 Bg7 5. O-O d5 6. c4 e6 7. b3 O-O 8. Bb2
Ne4 9. Ne1 c6 10. e3 Nd7 11. Nd3 b6 $146 12. Qc2 Bb7 13. a4 g5 14. a5 bxa5
15. f3 Nef6 16. Nc3 Qc7 17. Rfc1 Rac8 18. Na4 Ba8 19. f4 Ne4 20. Bxe4 dxe4
21. Ndc5 Rce8 22. fxg5 Nxc5 23. Nxc5 e5 24. dxe5 Bxe5 25. Rd1 Rf7 26. Bc3
Bxg3 $2 27. Na6 $18 Qb6 28. c5 Qxa6 29. hxg3 Qb7 30. Qd2 Qc7 31. Kg2 Rb8
32. Qd4 Kf8 33. Rxa5 f4 34. gxf4 Rxb3 35. Qh8+ Ke7 36. Rd6 Rxc3 37. Qxc3
Kf8 38. Qh8+ 1/2-1/2

[Event "83rd ESP-ch Women-ch 2018"]
[Site "Linares"]
[Date "2018.08.24"]
[Round "5"]
[White "Sanchez Aller, Fernando"]
[Black "Silva Rodriguez, Fernando"]
[Result "1/2-1/2"]
[WhiteElo "2345"]
[BlackElo "2239"]
[ECO "C47"]
[Opening "Four knights"]
[Variation "Scotch, 4...exd4"]
[TimeControl "40/5400+30:1800+30"]
[Annotator "ChessBase"]
[EventDate "2018.08.09"]
[PlyCount "98"]
[EventType "tourn"]
[EventCountry "ESP"]

1. e4 e5 2. Nf3 Nc6 3. Nc3 Nf6 4. d4 exd4 5. Nxd4 Bb4 6. Nxc6 bxc6 7. Bd3
d5 8. exd5 cxd5 9. O-O O-O 10. Bg5 c6 11. Na4 Be6 12. Rc1 h6 13. Bh4 Be7
14. Re1 Nd7 15. Bxe7 Qxe7 16. c4 Rfc8 17. cxd5 cxd5 18. Bc2 Qd6 19. Qd3 Nf6
20. Bb3 Rc7 21. Rxc7 Qxc7 22. Qd4 Rc8 23. f3 Qa5 24. Rd1 Kf8 25. Nc3 Rd8
26. Kf2 Rd7 27. g4 Kg8 28. h4 Qd8 29. g5 hxg5 30. hxg5 Ne8 31. Qh4 Qb6+ 32.
Kg2 d4 33. Bxe6 Qxb2+ 34. Kg3 fxe6 35. Rxd4 Nd6 36. Rxd6 Rxd6 37. Qh5 Rd8
38. Ne4 Qe5+ 39. Kg2 Rb8 40. Qg6 Kf8 41. Ng3 Ke7 42. f4 Qb2+ 43. Kh3 Rh8+
44. Kg4 Qd4 45. Qc2 Rd8 46. Qc7+ Rd7 47. Qb8 Rd8 48. Qc7+ Rd7 49. Qb8 Rd8
1/2-1/2

[Event "83rd ESP-ch Women-ch 2018"]
[Site "Linares"]
[Date "2018.08.24"]
[Round "5"]
[White "Alshameary Puente, Ismael"]
[Black "Rodriguez Perez, Angel Mariano"]
[Result "1/2-1/2"]
[WhiteElo "2343"]
[BlackElo "2223"]
[ECO "D94"]
[Opening "Gruenfeld"]
[Variation "5.e3"]
[TimeControl "40/5400+30:1800+30"]
[Annotator "NA"]
[EventDate "2018.08.09"]
[PlyCount "68"]
[EventType "tourn"]
[EventCountry "ESP"]

1. d4 Nf6 2. c4 g6 3. Nc3 d5 4. Nf3 Bg7 5. e3 O-O 6. Be2 dxc4 7. Bxc4 c5 8.
O-O cxd4 9. exd4 Nbd7 10. Bf4 Nb6 11. Bb3 Nbd5 12. Be5 e6 13. Re1 a6 14.
Qd2 b6 15. Ne4 Bb7 16. Nd6 Qd7 17. Rac1 Ne8 18. Nxb7 Qxb7 19. Qc2 Nef6 20.
Qc6 Qxc6 21. Rxc6 Rfc8 22. Rec1 Ne7 23. Rxc8+ Rxc8 24. Rxc8+ Nxc8 25. Bc7
b5 26. Ne5 Ne7 27. a4 Nfd5 28. Bd6 Nf5 29. Bc5 Nf4 30. axb5 axb5 31. Kf1
Bxe5 32. dxe5 Nd3 33. Bb6 Nxb2 34. Ke2 Ne7 1/2-1/2

[Event "83rd ESP-ch Women-ch 2018"]
[Site "Linares"]
[Date "2018.08.24"]
[Round "5"]
[White "Lianes Garcia, Marcos"]
[Black "Garza Marco, Sergio"]
[Result "1/2-1/2"]
[WhiteElo "2340"]
[BlackElo "2414"]
[ECO "B03"]
[Opening "Alekhine's defence"]
[Variation "exchange variation"]
[TimeControl "40/5400+30:1800+30"]
[Annotator "ChessBase"]
[EventDate "2018.08.09"]
[PlyCount "122"]
[EventType "tourn"]
[EventCountry "ESP"]

1. e4 Nf6 2. e5 Nd5 3. d4 d6 4. c4 Nb6 5. exd6 exd6 6. Nc3 Be7 7. Be3 O-O
8. Nf3 Bf6 9. h3 Bf5 10. Be2 d5 11. c5 Nc4 12. Bc1 b6 13. b3 Na5 14. Ba3
Re8 15. O-O c6 16. Bd3 Bxd3 17. Qxd3 Nd7 18. Na4 Nb7 19. Rac1 b5 20. Nc3
Nf8 21. Rfe1 a5 22. Rxe8 Qxe8 23. Re1 Qc8 24. Bc1 Ng6 25. Ne2 a4 26. b4 Qc7
27. g3 Qd7 28. Kg2 Nd8 29. Nf4 Ne6 30. Nxg6 hxg6 31. h4 Re8 32. a3 Re7 33.
Re3 Re8 34. Re1 Qc8 35. Re3 Bd8 36. Re2 Bc7 37. Bd2 Qd7 38. Re3 Rc8 39. Re1
Nf8 40. Re3 Qg4 41. Nh2 Qd7 42. Nf3 f6 43. Bc1 Kf7 44. Nh2 Ne6 45. Bb2 Rh8
46. Nf3 g5 47. Kf1 gxh4 48. Nxh4 Nf4 49. gxf4 Rxh4 50. f5 Rh5 51. Rf3 Rh1+
52. Kg2 Rh2+ 53. Kf1 Qe8 54. Rh3 Rxh3 55. Qxh3 Qe4 56. Qh5+ Ke7 57. Qe2 Kf7
58. Qh5+ Ke7 59. Qe2 Bf4 60. Qxe4+ dxe4 61. f3 exf3 1/2-1/2

[Event "83rd ESP-ch Women-ch 2018"]
[Site "Linares"]
[Date "2018.08.24"]
[Round "5"]
[White "Castellanos Gomez, Alejandro"]
[Black "Arroyo Rodriguez, Jesus"]
[Result "1/2-1/2"]
[WhiteElo "2320"]
[BlackElo "2099"]
[ECO "D00"]
[Opening "Queen's pawn, Mason variation, Steinitz counter-gambit"]
[TimeControl "40/5400+30:1800+30"]
[Annotator "ChessBase"]
[EventDate "2018.08.09"]
[PlyCount "127"]
[EventType "tourn"]
[EventCountry "ESP"]

1. d4 d5 2. Bf4 c5 3. e3 Nc6 4. c3 Qb6 5. Qb3 c4 6. Qc2 Bf5 7. Qc1 f6 8.
Nf3 g5 9. Bg3 h5 10. h3 e6 11. Nbd2 Bg6 12. Be2 Nh6 13. Bd1 Nf5 14. Bc2 Kf7
15. Qb1 Rh6 16. Bh2 g4 17. Ng1 g3 18. Bxg3 Nxg3 19. fxg3 Bd6 20. Ne2 Bxc2
21. Qxc2 Rg8 22. O-O-O Bxg3 23. Rdf1 Qc7 24. e4 Ne7 25. Rf3 Bh4 26. Rg1
Rhg6 27. Nf4 Rh6 28. Kb1 Bg5 29. Ne2 Rhg6 30. Nf1 dxe4 31. Qxe4 Nd5 32.
Neg3 h4 33. Ne2 Qc6 34. g3 f5 35. Rf2 Bf6 36. Qf3 hxg3 37. Rxg3 Bh4 38.
Rxg6 Rxg6 39. Rh2 Nb4 40. Qxc6 Nxc6 41. Ne3 b5 42. d5 exd5 43. Nxf5 Bd8 44.
Ne3 Rg5 45. Rf2+ Ke8 46. Ng4 Bb6 47. Rf4 Ke7 48. h4 Rg7 49. Nf6 Ke6 50. Nh5
Rf7 51. Rg4 Ne5 52. Nef4+ Kd6 53. Rg3 Rf5 54. Kc2 Bf2 55. Rg5 Rf7 56. Ng6
Nd3 57. Nh8 Re7 58. Rg6+ Kc7 59. Nf6 Re2+ 60. Kb1 Re1+ 61. Kc2 Re2+ 62. Kb1
Re1+ 63. Kc2 Re2+ 64. Kb1 1/2-1/2

[Event "83rd ESP-ch Women-ch 2018"]
[Site "Linares"]
[Date "2018.08.24"]
[Round "5"]
[White "Sole Pijuan, Ferran"]
[Black "Samuel Lares, Jairo"]
[Result "1/2-1/2"]
[WhiteElo "2320"]
[BlackElo "2006"]
[ECO "A81"]
[Opening "Dutch defence"]
[TimeControl "40/5400+30:1800+30"]
[Annotator "ChessBase"]
[EventDate "2018.08.09"]
[PlyCount "116"]
[EventType "tourn"]
[EventCountry "ESP"]

1. d4 f5 2. g3 Nf6 3. Bg2 g6 4. c3 Bg7 5. Qb3 Nc6 6. Nd2 d5 7. Nh3 e5 8.
dxe5 Nxe5 9. O-O O-O 10. Nf4 c6 11. c4 d4 12. c5+ Kh8 13. Nc4 Ne4 14. Nxe5
Bxe5 15. Qc2 Ng5 16. Rd1 Qe7 17. Nxg6+ hxg6 18. f4 Bf6 19. fxg5 Bxg5 20.
Bxg5 Qxg5 21. Qd2 Qe3+ 22. Kh1 Be6 23. Qxd4+ Qxd4 24. Rxd4 Rfd8 25. Rad1
Rxd4 26. Rxd4 Bxa2 27. Bf3 a5 28. h4 a4 29. Rd6 Ra5 30. Rd8+ Bg8 31. Rb8
Rxc5 32. Rxb7 Rc2 33. Ra7 Bb3 34. Ra6 c5 35. Bc6 Rxb2 36. Bxa4 Bxa4 37.
Rxa4 Rxe2 38. Rc4 Re5 39. Kg2 Kg7 40. Kf3 Kf6 41. Kf4 Rd5 42. Ke3 Ke6 43.
g4 fxg4 44. Rxg4 Kf6 45. Rc4 Ke7 46. Rg4 Rd6 47. Rg5 Re6+ 48. Kd3 Kd6 49.
h5 gxh5 50. Rxh5 Kc6 51. Rh8 Rd6+ 52. Kc4 Rd4+ 53. Kc3 Rg4 54. Rc8+ Kd6 55.
Rd8+ Kc7 56. Rh8 Rf4 57. Rg8 Rd4 58. Rh8 Rd7 1/2-1/2

[Event "83rd ESP-ch Women-ch 2018"]
[Site "Linares"]
[Date "2018.08.24"]
[Round "5"]
[White "Domingo Nunez, Ruben"]
[Black "Tejedor Fuente, Enrique"]
[Result "1/2-1/2"]
[WhiteElo "2318"]
[BlackElo "2408"]
[ECO "B11"]
[Opening "Caro-Kann"]
[Variation "two knights, 3...Bg4"]
[TimeControl "40/5400+30:1800+30"]
[Annotator "ChessBase"]
[EventDate "2018.08.09"]
[PlyCount "64"]
[EventType "tourn"]
[EventCountry "ESP"]

1. e4 c6 2. Nc3 d5 3. Nf3 Bg4 4. h3 Bxf3 5. Qxf3 e6 6. d3 Nd7 7. Bd2 Bb4 8.
Qg3 g6 9. Be2 Bf8 10. O-O Bg7 11. exd5 exd5 12. Rae1 Ne7 13. Bg4 Nf6 14.
Qh4 O-O 15. Bf4 h5 16. Be5 hxg4 17. Bxf6 Bxf6 18. Qxf6 Nf5 19. Qxd8 Rfxd8
20. hxg4 Nd4 21. Re7 b5 22. Rc1 Re8 23. Rxe8+ Rxe8 24. Kf1 Kg7 25. Nd1 Rh8
26. Ke1 f5 27. c3 Ne6 28. gxf5 gxf5 29. g3 Kf6 30. Ne3 f4 31. gxf4 Nxf4 32.
Kd2 Rh3 1/2-1/2

[Event "83rd ESP-ch Women-ch 2018"]
[Site "Linares"]
[Date "2018.08.24"]
[Round "5"]
[White "Balbuena Fuentes, Mario"]
[Black "Merario Alarcon, Andres"]
[Result "0-1"]
[WhiteElo "2306"]
[BlackElo "2406"]
[ECO "C65"]
[Opening "Ruy Lopez"]
[Variation "Berlin defence"]
[TimeControl "40/5400+30:1800+30"]
[Annotator "ChessBase"]
[EventDate "2018.08.09"]
[PlyCount "106"]
[EventType "tourn"]
[EventCountry "ESP"]

1. e4 e5 2. Nf3 Nc6 3. Bb5 Nf6 4. d3 Bc5 5. c3 d5 6. exd5 Qxd5 7. Bc4 Qd6
8. Nbd2 O-O 9. Qe2 Be6 10. Ng5 Bxc4 11. Nxc4 Qd7 12. O-O Rfe8 13. Ne4 Be7
14. b4 b5 15. Ne3 Nd5 16. Nxd5 Qxd5 17. Qf3 Red8 18. Rd1 a5 19. bxa5 Rxa5
20. Be3 Qe6 21. Rd2 b4 22. cxb4 Nxb4 23. d4 f5 24. Nc5 Bxc5 25. dxc5 Nd3
26. Qe2 e4 27. f3 Rda8 28. fxe4 fxe4 29. Qh5 h6 30. h3 Ra3 31. Qe2 Qg6 32.
Rf1 Kh7 33. Bd4 R8a4 34. Be3 Ne5 35. Rd8 Rxa2 36. Bd2 Nf3+ 37. Kh1 Rd4 38.
Rxd4 Nxd4 39. Qe1 e3 40. Qxe3 Nf5 41. Rxf5 Qxf5 42. Bc3 Qf1+ 43. Qg1 Qxg1+
44. Kxg1 Kg6 45. Kh2 Kf7 46. Be5 c6 47. Kg3 g6 48. Kf3 Rc2 49. Bd6 Ke6 50.
Bf8 h5 51. g4 Rc3+ 52. Kg2 hxg4 53. hxg4 Ke5 0-1

[Event "83rd ESP-ch Women-ch 2018"]
[Site "Linares"]
[Date "2018.08.24"]
[Round "5"]
[White "Moral Garcia, Serafin"]
[Black "Vega Gutierrez, Sabrina Neide"]
[Result "0-1"]
[WhiteElo "2287"]
[BlackElo "2390"]
[ECO "B46"]
[Opening "Sicilian"]
[Variation "Taimanov variation"]
[TimeControl "40/5400+30:1800+30"]
[Annotator "NA"]
[EventDate "2018.08.09"]
[PlyCount "54"]
[EventType "tourn"]
[EventCountry "ESP"]

1. e4 c5 2. Nf3 e6 3. d4 cxd4 4. Nxd4 Nc6 5. Nc3 a6 6. Be3 Nf6 7. f3 Bb4 8.
Nxc6 bxc6 9. a3 Be7 10. e5 Nd5 11. Nxd5 cxd5 12. Bd3 d6 $146 13. Bd4 Bh4+
14. g3 dxe5 15. Bxe5 Bf6 16. Qe2 O-O 17. f4 Bxe5 18. Qxe5 Qb6 19. O-O-O Rb8
20. b3 Bd7 21. Kb1 Rfc8 22. Rhe1 Ba4 $15 23. Qb2 g6 24. h4 d4 25. Bf1 Rc3
26. Rd3 Bxb3 27. Ka1 Rxc2 0-1